 Dungeon Crawl Stone Soup version bcrawl-1.13.4 (webtiles) character file.

Game seed: 15846825681219288228

415 Felnil the Covered (level 6, -2/41 HPs)
             Began as a Skeleton Fighter on Aug 19, 2019.
             Was an Initiate of Ru.
             Slain by a troll (5 damage)
             ... on level 4 of the Dungeon.
             The game lasted 00:06:16 (2919 turns).

Felnil the Covered (Skeleton Fighter)               Turns: 2919, Time: 00:06:17

Health: -2/41      AC:  8    Str: 24      XL:     6   Next: 60%
Magic:  0/6        EV:  8    Int:  6 (7)  God:    Ru [......]
Gold:   305        SH:  9    Dex:  7 (8)  Spells: 5/5 levels left

rFire    . . .     SeeInvis .   a - +0 war axe
rCold    + . .     Gourm    .   c - +0 shield
rNeg     + + +     Faith    .   b - +0 scale mail
rPois    ∞         Spirit   +   j - +0 helmet
rElec    .         Reflect  .   (no cloak)
rCorr    +         Harm     .   (no gloves)
MR       .....                  (no boots)
Stlth    ..........             (no amulet)
HPRegen  0.13/turn              e - ring of resist corrosion
MPRegen  0.10/turn              (no ring)

@: no status effects
A: no food or potions, cold resistance 1, deterioration 1, negative energy
resistance 3, powered by death 1, torment resistance, unbreathing, magic shield,
sturdy frame 1, spell healing
a: Renounce Religion


You were on level 4 of the Dungeon.
You worshipped Ru.
Ru was noncommittal.
You were not hungry.

You visited 1 branch of the dungeon, and saw 4 of its levels.

You collected 305 gold pieces.

Inventory:

Hand Weapons
 a - a +0 war axe (weapon)
Armour
 b - a +0 scale mail (worn)
 c - a +0 shield (worn)
 j - a +0 helmet (worn)
Jewellery
 e - a ring of resist corrosion (left hand)
Scrolls
 d - 3 scrolls of remove curse {unknown}
 f - a scroll of fog {unknown}
 g - a scroll of amnesia {unknown}
 h - 3 scrolls of fear {unknown}
 i - 6 scrolls of teleportation {unknown}
 k - 6 scrolls of identify {unknown}
 l - a scroll of enchant armour {unknown}
 m - a scroll of blinking {unknown}
 n - a scroll of noise {unknown}


   Skills:
 + Level 5.7 Fighting
 - Level 2.4 Axes
 + Level 6.2 Armour
 - Level 3.6 Shields


You had 5 spell levels left.
You didn't know any spells.
Your spell library contained the following spells:

 Spells                   Type           Power        Failure   Level  Hunger
 Animate Skeleton         Necr           N/A          98%         1    N/A
 Pain                     Necr           #...         98%         1    N/A
 Vampiric Draining        Necr           #.........   100%        3    N/A
 Animate Dead             Necr           N/A          100%        4    N/A
 Bolt of Draining         Conj/Necr      #.........   100%        5    N/A
 Regeneration             Chrm/Necr      Unusable     N/A         3    N/A

Dungeon Overview and Level Annotations

Branches:
Dungeon (4/12)
 Temple: D:4-7

Altars:
Hepliaklqana
Kikubaaqudgha
Okawaru
Ru


Innate Abilities, Weirdness & Mutations

You do not eat or drink.
You are immune to poison.
Your flesh is cold resistant. (rC+)
Your body sometimes deteriorates upon taking damage.
You are immune to negative energy. (rN+++)
You regenerate a little health from kills.
You are immune to unholy pain and torment.
You can survive without breathing.
When hurt, damage is shared between your health and your magic reserves.
Your movements are slightly less encumbered by armour. (ER -2)
Casting spells heals you.


Message History

You block the troll's attack. The troll barely misses you.
The troll claws you but does no damage.
You are too injured to fight recklessly!
You are too injured to fight recklessly!
You are too injured to fight recklessly!
You are too injured to fight recklessly!
Your shield and scale mail prevent you from hitting the troll.
The troll is moderately wounded.
You slash the centaur skeleton!
The centaur skeleton closely misses you.
The centaur skeleton hits you. The troll closely misses you.
The troll claws you!
* * * LOW HITPOINT WARNING * * *
Your body deteriorates!
You feel clumsy. The troll claws you.
* * * LOW HITPOINT WARNING * * *
Your body deteriorates!
You feel dopey.
The centaur skeleton hits you but does no damage.
The troll barely misses you. The troll claws you.
You die...

### ##### ##.....##....##.#.
#...#.<.## #..........####...
.>.......## #.................
..........# #).........#...##.
..........###.###..#......####
...........##.##..............
.........#.##..........#.###..
#...#...##.Z...###.#...#.# ##.
######..[...T@...........# ##
........#######.(....##
...................####
###.#########..........## ..
##........##..####
###..........##....#
#............#####..
##.#..........#####..
......................


You could see a troll and a centaur skeleton.

Vanquished Creatures
  An ogre (D:4)
  A big kobold (D:4)
  A howler monkey (D:3)
  A crimson imp (D:3)
  An iguana (D:4)
  Robin (D:2)
  A howler monkey zombie (D:3)
  7 adders (D:3)
  2 worms
  A dart slug (D:4)
  4 leopard geckos
  2 orcs
  3 bats
  15 goblins
  9 hobgoblins
  4 jackals (D:2)
  11 kobolds
  4 quokkas
  2 ball pythons (D:2)
  4 frilled lizards
  A jackal skeleton (D:4)
  4 rats
80 creatures vanquished.

Notes
Turn   | Place    | Note
-------+----------+-------------------------------------------
     0 | D:1      | Felnil the Skeleton Fighter began the quest for the Orb.
     0 | D:1      | Reached XP level 1. HP: 14/14 MP: 1/1
   175 | D:1      | Reached XP level 2. HP: 15/19 MP: 2/2
   653 | D:2      | Noticed Robin
   663 | D:2      | Reached skill level 4 in Armour
   665 | D:2      | Reached XP level 3. HP: 18/23 MP: 1/3
   667 | D:2      | Killed Robin
  1026 | D:2      | Found a sacrificial altar of Ru.
  1056 | D:2      | Became a worshipper of Ru the Awakened
  1238 | D:2      | Reached XP level 4. HP: 26/29 MP: 4/4
  1974 | D:3      | Reached skill level 5 in Armour
  1986 | D:3      | Reached XP level 5. HP: 16/34 MP: 3/5
  2294 | D:3      | Reached skill level 5 in Fighting
  2518 | D:4      | Gained mutation: You regenerate a little health from kills.
                  | [Skeleton growth]
  2518 | D:4      | Reached XP level 6. HP: 30/40 MP: 4/6
  2544 | D:4      | Found an iron altar of Okawaru.
  2556 | D:4      | Found a hazy altar of Hepliaklqana.
  2560 | D:4      | Found an ancient bone altar of Kikubaaqudgha.
  2595 | D:4      | Reached skill level 6 in Armour
  2905 | D:4      | Noticed a troll
  2913 | D:4      | HP: 2/41 [troll (5)]
  2919 | D:4      | Slain by a troll

Skill      XL: |  1  2  3  4  5  6 |
---------------+-------------------+-----
Armour         | 4 5 6 |  6.2
Fighting       | 4 5 |  5.7
Axes           | |  2.4
Shields        | |  3.6

Action                   |  1- 3 |  4- 6 || total
-------------------------+-------+-------++-------
Melee: War axe           |   121 |   163 ||   284
Invok: Reject Sacrifices |       |     1 ||     1
Armor: Scale mail        |    63 |    81 ||   144
Dodge: Dodged            |    76 |    67 ||   143
Block: Shield            |    73 |    87 ||   160
